 Dungeon Crawl Stone Soup version 0.27-a0-1144-g0b7d3b79db (webtiles) character file.

Game seed: 13389115488852998358

24076 jien the Cleaver (level 13, -12/84 HPs)
             Began as a Gargoyle Fighter on May 10, 2021.
             Was an Initiate of Gozag.
             Mangled by a balrug
             ... wielding a +0 demon whip
              (20 damage)
             ... in a Gauntlet.
             The game lasted 00:20:05 (13402 turns).

jien the Cleaver (Gargoyle Fighter)                Turns: 13402, Time: 00:20:05

Health: -12/84     AC: 31    Str: 27    XL:     13   Next: 10%
Magic:  13/13      EV:  7    Int: 15    God:    Gozag
Gold:   2442       SH: 12    Dex:  9    Spells: 12/12 levels left

rFire    . . .     SeeInvis +   a - +3 war axe (freeze)
rCold    . . .     Faith    .   c - +0 kite shield
rNeg     + . .     Spirit   .   b - +0 plate armour
rPois    ∞         Reflect  .   e - +3 hat "Biaqog" {Str+4 Int+4}
rElec    +         Harm     .   m - +0 cloak
rCorr    .         Rampage  .   (no gloves)
Will     .....     NoTele   +   H - +1 pair of boots
Stlth    ..........             D - amulet of regeneration
HPRegen  1.24/turn              A - ring of see invisible
MPRegen  0.13/turn              F - ring of flight

@: mighty, brilliant, gold aura, flying
A: sickness immunity, AC +9, negative energy resistance 1, electricity
resistance, torment resistance 1, petrification resistance
a: Renounce Religion, Potion Petition, Call Merchant, Bribe Branch


You were in a Gauntlet.
You worshipped Gozag.
Gozag was most pleased with you.
You visited 3 branches of the dungeon, and saw 17 of its levels.
You also visited: Gauntlet.

You collected 2613 gold pieces.
You paid 171 gold pieces to Gozag.

Inventory:

Hand Weapons
 a - a +3 war axe of freezing (weapon)
Missiles
 J - 6 silver javelins (quivered)
Armour
 b - a +0 plate armour (worn)
 c - a +0 kite shield (worn)
 e - the +3 hat "Biaqog" (worn) {Str+4 Int+4}
   (You acquired it on level 4 of the Dungeon)

   It affects your strength (+4).
   It affects your intelligence (+4).
 m - a +0 cloak (worn)
 H - a +1 pair of boots (worn)
Jewellery
 A - a ring of see invisible (left hand)
 D - an amulet of regeneration (around neck)
 F - a ring of flight (right hand)
 M - a ring of protection from fire
 N - a +6 ring of intelligence
Wands
 p - a wand of polymorph (13)
 u - a wand of paralysis (10)
 B - a wand of flame (33)
 G - a wand of iceblast (17)
Scrolls
 g - 2 scrolls of summoning
 l - 8 scrolls of teleportation
 o - 2 scrolls of blinking
 q - 3 scrolls of magic mapping
 r - 4 scrolls of enchant weapon
 t - 4 scrolls of immolation
 y - a scroll of noise
 C - a scroll of silence
 E - 2 scrolls of enchant armour
 I - 2 scrolls of fear
 L - a scroll of brand weapon
Potions
 d - a potion of might
 f - a potion of resistance {unknown}
 h - 4 potions of flight {unknown}
 i - 3 potions of brilliance
 j - 5 potions of mutation
 k - a potion of haste {unknown}
 n - 2 potions of degeneration {unknown}
 s - 2 potions of magic {unknown}
 v - 3 potions of curing {unknown}
 w - a potion of invisibility {unknown}
 x - 4 potions of heal wounds {unknown}
 z - 2 potions of lignification {unknown}
 K - a potion of attraction {unknown}
 O - a potion of berserk rage {unknown}


   Skills:
 + Level 11.1 Fighting
 * Level 12.5 Axes
 + Level 11.1 Armour
 + Level 11.1 Shields


You had 12 spell levels left.
You didn't know any spells.
Your spell library contained the following spells:

 Spells                   Type           Power      Damage    Failure   Level
 Animate Skeleton         Necr           0%         N/A       98%         1
 Apportation              Tloc           0%         N/A       98%         1
 Corona                   Hex            0%         N/A       98%         1
 Shock                    Conj/Air       0%         1d3       98%         1
 Summon Small Mammal      Summ           0%         N/A       98%         1
 Call Imp                 Summ           0%         N/A       99%         2
 Slow                     Hex            0%         N/A       99%         2
 Static Discharge         Conj/Air       0%         N/A       99%         2
 Call Canine Familiar     Summ           0%         N/A       100%        3
 Inner Flame              Hex/Fire       0%         N/A       100%        3
 Portal Projectile        Hex/Tloc       0%         N/A       100%        3
 Summon Guardian Golem    Hex/Summ       0%         N/A       100%        3
 Swiftness                Air            0%         N/A       100%        3
 Airstrike                Air            0%         N/A       100%        4
 Cause Fear               Hex            0%         N/A       100%        4
 Leda's Liquefaction      Hex/Erth       0%         N/A       100%        4
 Summon Ice Beast         Ice/Summ       0%         N/A       100%        4
 Summon Lightning Spire   Summ/Air       0%         N/A       100%        4
 Lightning Bolt           Conj/Air       0%         1d11      100%        5


Dungeon Overview and Level Annotations

Branches:
Dungeon (13/15)            Temple (1/1) D:6            Lair (3/6) D:9
    Orc (0/2) D:12        Gauntlet (1/1)
  Swamp: Lair:2-4    Shoals: Lair:2-4     Snake: Lair:2-4    Spider: Lair:2-4
 Vaults: D:13-14

Altars:
Ashenzari
Cheibriados
Dithmenos
Elyvilon
Fedhas
Gozag
Hepliaklqana
Kikubaaqudgha
Makhleb
Nemelex Xobeh
Okawaru
Qazlal
Ru
Sif Muna
Trog
Uskayaw
Vehumet
Wu Jian
Xom
Yredelemnul
Zin
The Shining One

Shops:
D:2 :   D:7 *

Annotations:
Gauntlet 9 transporters, 21 runed translucent doors


Innate Abilities, Weirdness & Mutations

You are immune to sickness and miasma.
Your stone body is resilient. (AC +9)
You are immune to poison.
You resist negative energy. (rN+)
You are resistant to electric shocks. (rElec)
You are resistant to unholy torment.
You are immune to petrification.


Message History

You closely miss the hell hound.
The hell hound is lightly wounded.
The hell hound bites you but does no damage.
The hell hound bites you.
Unknown command.
You slice the hell hound!! You freeze the hell hound.
The hell hound is almost dead.
The balrug gestures at you.
The fireball explodes!
The fireball engulfs the hell hound.
The hell hound completely resists.
The fireball engulfs you!!!
The fireball engulfs the balrug.
The balrug completely resists.
You block the hell hound's attack.
You are too injured to fight recklessly!
You are too injured to fight recklessly!
Unknown command.
You are too injured to fight recklessly!
Unknown command.
You are too injured to fight recklessly!
You are too injured to fight recklessly!
Unknown command.
Unknown command.
It was a potion of brilliance.
You feel clever all of a sudden. You block the hell hound's attack.
The hell hound barely misses you.
You closely miss the hell hound.
The hell hound is almost dead.
The hell hound breathes flames at you.
The blast of flame hits you but does no damage.
You hit the hell hound. You freeze the hell hound.
You kill the hell hound!
The balrug hits you with a +0 demon whip.
You are engulfed in flames!!
* * * LOW HITPOINT WARNING * * *
You see here 9 gold pieces.
You feel very mighty all of a sudden.
The balrug hits you with a +0 demon whip!
* * * LOW HITPOINT WARNING * * *
You are engulfed in flames!!
You die...
Your body crumbles into a pile of gold.

......§8§...........§8§........∩.
......§§.............≈...........
######.§.###########...##########
#.©2##.§§#.........#...#.#..#....
##.#4#...#..##.##..#...#[.#..#...
#.##.#####!#..#..#.######..#..#..
..#.##...#.#..#..#.#...#.#..#..#.
##.###©.©#©.#####2.#©.©#©.#..#©.#
#.^..#...#=#..#©@#.#...#.#..#..#.
#.#.######[#..#..#.######..#..#..
.#.#4#...#..##.##..#...#..#..#...
#.##2#.8.#.........#.8.#.#..#....
######...###########...##########
.................................
.................................
#################################
#8# #8# #8# #8# #8# #8# #8# #8#


You could see a balrug.

Vanquished Creatures
  2 centaur warriors
  3 death yaks (D:9)
  2 two-headed ogres
  Nergalle (D:10)
  A fire crab (Lair:2)
  A phantasmal warrior (D:12)
  A deep elf pyromancer (D:10)
  4 ugly things
  A manticore (D:11)
  A cyclops (D:11)
  A guardian serpent (D:13)
  2 gargoyles
  A cane toad (Lair:1)
  An unseen horror (D:10)
  3 komodo dragons
  A troll (shapeshifter) (D:13)
  3 trolls (D:10)
  A polar bear (Lair:2)
  5 blink frogs (Lair:1)
  A ynoxinul (Gauntlet)
  20 yaks
  2 vampires
  3 shadows
  A steam dragon (D:10)
  Grum (D:10)
  2 basilisks (Lair:2)
  2 vampire mosquitoes (D:12)
  A two-headed ogre zombie (D:12)
  An acid dragon (D:9)
  2 hell hounds (Gauntlet)
  7 water moccasins
  3 orc warriors
  A necrophage (D:6)
  2 sky beasts
  2 wolves (D:10)
  3 ogres
  2 phantoms (D:4)
  12 centaurs
  3 bullfrogs
  A gnoll sergeant (D:12)
  2 scorpions
  A wyvern zombie (D:6)
  2 water moccasin skeletons
  23 killer bees
  7 wights
  3 howler monkeys (D:8)
  4 centaur zombies
  2 hounds
  A jelly (D:5)
  A gnoll shaman (D:10)
  5 orc priests
  4 iron imps (Gauntlet)
  Ijyb (D:3)
  2 iguanas (D:5)
  6 orc wizards
  A scorpion zombie (D:5)
  2 killer bee zombies (D:8)
  7 ogre zombies (D:12)
  A hound zombie (D:5)
  2 hound skeletons (D:5)
  Robin (D:3)
  2 howler monkey skeletons
  6 gnolls
  8 adders
  A shadow imp (D:6)
  5 white imps
  An adder skeleton (D:4)
  3 worms
  A dart slug (D:4)
  23 orcs
  2 endoplasms (D:2)
  6 giant cockroaches
  17 goblins
  11 hobgoblins
  12 jackals
  8 quokkas
  4 ball pythons
  5 bats
  3 frilled lizards
  4 goblin zombies (D:12)
  4 hobgoblin zombies (D:12)
  2 orc skeletons (D:12)
  15 orc zombies (D:12)
  6 rats
334 creatures vanquished.

Vanquished Creatures (others)
  18 demonic plants
  6 fungi
  6 plants
  A withered plant (D:1)
31 creatures vanquished.

Grand Total: 365 creatures vanquished

Notes
Turn   | Place    | Note
-------+----------+-------------------------------------------
     0 | D:1      | jien the Gargoyle Fighter began the quest for the Orb.
     0 | D:1      | Reached XP level 1. HP: 14/14 MP: 1/1
    23 | D:1      | Reached skill level 2 in Axes
    30 | D:1      | Reached XP level 2. HP: 11/19 MP: 2/2
   335 | D:1      | Reached XP level 3. HP: 20/23 MP: 3/3
   421 | D:1      | Found a faded altar of an unknown god.
   911 | D:2      | Found Wumez's Book Shop.
  1441 | D:2      | Reached XP level 4. HP: 27/29 MP: 4/4
  1909 | D:3      | Noticed Robin
  1919 | D:3      | Reached skill level 3 in Axes
  1922 | D:3      | Killed Robin
  2133 | D:3      | Reached XP level 5. HP: 23/33 MP: 5/5
  2260 | D:3      | Noticed Ijyb
  2298 | D:3      | Killed Ijyb
  2910 | D:4      | Noticed a phantom
  2915 | D:4      | Found a sacrificial altar of Ru.
  2942 | D:4      | Killed a phantom
  2943 | D:4      | Reached XP level 6. HP: 21/39 MP: 6/6
  3205 | D:4      | Identified the +1 scale mail of Pleasant Breezes {Fly}
  3243 | D:4      | Reached skill level 4 in Axes
  3442 | D:4      | Identified a scroll of acquirement
  3446 | D:4      | Acquired the +3 hat "Biaqog" {Str+4 Int+4}
  3481 | D:4      | Reached XP level 7. HP: 44/44 MP: 7/7
  3610 | D:4      | Found an ancient bone altar of Kikubaaqudgha.
  3960 | D:5      | Entered Level 5 of the Dungeon
  4028 | D:5      | Reached skill level 5 in Fighting
  4066 | D:5      | Reached skill level 5 in Armour
  4066 | D:5      | Reached skill level 5 in Shields
  4188 | D:5      | Reached skill level 5 in Axes
  4350 | D:5      | Reached XP level 8. HP: 48/50 MP: 8/8
  4879 | D:6      | Reached skill level 6 in Axes
  5269 | D:6      | Found a staircase to the Ecumenical Temple.
  5279 | Temple   | Entered the Ecumenical Temple
  5594 | D:6      | Found a radiant altar of Vehumet.
  5598 | D:6      | Found a shimmering blue altar of Sif Muna.
  5600 | D:6      | Found a snail-covered altar of Cheibriados.
  5600 | D:6      | Found a shimmering altar of Xom.
  6000 | D:7      | Reached XP level 9. HP: 52/56 MP: 9/9
  6406 | D:7      | Found an opulent altar of Gozag.
  6415 | D:7      | Became a worshipper of Gozag Ym Sagoz the Greedy
  6498 | D:7      | Found Zin's Purification Station.
  6508 | D:7      | Reached skill level 7 in Axes
  6747 | D:7      | Found a glowing silver altar of Zin.
  8398 | D:9      | Reached skill level 8 in Axes
  8414 | D:9      | Noticed a death yak
  8416 | D:9      | Found a staircase to the Lair.
  8416 | D:9      | Noticed a death yak
  8416 | D:9      | Noticed a death yak
  8467 | D:9      | Killed a death yak
  8468 | D:9      | Reached XP level 10. HP: 51/64 MP: 10/10
  8475 | D:9      | Killed a death yak
  8481 | D:9      | Killed a death yak
  8482 | D:9      | Reached skill level 9 in Axes
  8737 | D:9      | Noticed a gargoyle
  8753 | D:9      | Killed a gargoyle
  9108 | D:10     | Entered Level 10 of the Dungeon
  9155 | D:10     | Noticed an unseen horror
  9165 | D:10     | Killed an unseen horror
  9176 | D:10     | Reached XP level 11. HP: 63/69 MP: 11/11
  9300 | D:10     | Reached skill level 10 in Axes
  9403 | D:10     | Noticed Nergalle
  9403 | D:10     | Noticed Grum
  9422 | D:10     | Killed Nergalle
  9430 | D:10     | Killed Grum
  9510 | D:10     | Found a sparkling altar of Nemelex Xobeh.
  9590 | D:10     | Noticed a deep elf pyromancer
  9596 | D:10     | Killed a deep elf pyromancer
  9809 | D:10     | Found a hide-covered altar of Uskayaw.
  9809 | D:10     | Found a shadowy altar of Dithmenos.
  9809 | D:10     | Found a basalt altar of Yredelemnul.
  9880 | D:10     | Noticed a two-headed ogre
  9890 | D:10     | Killed a two-headed ogre
 10060 | D:11     | Noticed a white ugly thing
 10073 | D:11     | Killed a white ugly thing
 10208 | D:11     | Noticed a cyclops
 10214 | D:11     | Killed a cyclops
 10251 | D:11     | Noticed a manticore
 10263 | D:11     | Killed a manticore
 10287 | D:11     | Reached skill level 11 in Axes
 10293 | D:11     | Noticed a two-headed ogre
 10306 | D:11     | Killed a two-headed ogre
 10307 | D:11     | Reached XP level 12. HP: 77/77 MP: 12/12
 10492 | D:11     | Reached skill level 10 in Fighting
 10507 | D:11     | Reached skill level 10 in Shields
 10788 | D:12     | Reached skill level 10 in Armour
 10848 | D:12     | Found a staircase to the Orcish Mines.
 11264 | D:12     | Noticed a centaur warrior
 11272 | D:12     | Killed a centaur warrior
 11503 | D:13     | Noticed a centaur warrior
 11509 | D:13     | Killed a centaur warrior
 11515 | D:13     | Noticed a death knight
 11742 | Lair:1   | Entered Level 1 of the Lair of Beasts
 11748 | Lair:1   | Reached skill level 12 in Axes
 12190 | Lair:1   | Noticed a six-headed hydra
 12194 | Lair:1   | Identified the +7 chain mail "Otienne" {rPois rC+ rCorr}
 12204 | Lair:1   | You are sucked into a shaft and drop 1 floor!
 12565 | Lair:2   | Reached XP level 13. HP: 66/84 MP: 13/13
 13073 | Lair:3   | Found a gate leading to a gauntlet.
 13083 | Gauntlet | Entered a Gauntlet
 13083 | Gauntlet | Found a transporter.
 13083 | Gauntlet | Found a transporter.
 13084 | Gauntlet | Found a transporter.
 13086 | Gauntlet | Found a transporter.
 13087 | Gauntlet | Found a transporter.
 13087 | Gauntlet | Found a transporter.
 13089 | Gauntlet | Found a large runed translucent door.
 13090 | Gauntlet | Found a large runed translucent door.
 13091 | Gauntlet | Found a large runed translucent door.
 13091 | Gauntlet | Found a large runed translucent door.
 13091 | Gauntlet | Found a runed translucent door.
 13092 | Gauntlet | Found a runed translucent door.
 13093 | Gauntlet | Found a large runed translucent door.
 13094 | Gauntlet | Found a large runed translucent door.
 13094 | Gauntlet | Found a large runed translucent door.
 13094 | Gauntlet | Found a large runed translucent door.
 13095 | Gauntlet | Found a large runed translucent door.
 13095 | Gauntlet | Found a large runed translucent door.
 13096 | Gauntlet | Found a large runed translucent door.
 13096 | Gauntlet | Found a large runed translucent door.
 13097 | Gauntlet | Noticed a balrug
 13098 | Gauntlet | Found a runed translucent gate.
 13098 | Gauntlet | Found a runed translucent gate.
 13098 | Gauntlet | Found a runed translucent gate.
 13100 | Gauntlet | Found a transporter.
 13104 | Gauntlet | Found a transporter.
 13112 | Gauntlet | Found a large runed translucent door.
 13113 | Gauntlet | Found a large runed translucent door.
 13120 | Gauntlet | Found a transporter.
 13148 | Gauntlet | Noticed a blizzard demon
 13158 | Gauntlet | Found a transporter.
 13158 | Gauntlet | Found a transporter.
 13233 | Gauntlet | Found a large runed translucent door.
 13233 | Gauntlet | Found a large runed translucent door.
 13276 | Gauntlet | Found a transporter.
 13402 | Gauntlet | Mangled by a balrug

Illustrated notes

Levels and vault maps discovered:
D:1:      doesnt_arrival_eight_statues, layout_basic,
          shapermc_ecumenical_altar_gd
D:2:      layout_basic, serial_shops, nicolae_shop_stone
D:3:      layout_basic, uniq_robin, uniq_ijyb
D:4:      layout_loops_cross, lemuel_tele_altar,
          nicolae_kikubaaqudgha_miasma_corner, corner_web_ring
D:5:      layout_cave_pools
D:6:      layout_cave_pools, grunt_temple_overflow_open,
          minmay_temple_entry_overgrown, serial_column_ruins,
          column_ruins_columns_corner, column_ruins_grid_3,
          column_ruins_corridor_T, column_ruins_open_medium,
          column_ruins_grid_1, column_ruins_open_tiny, roderic_serpentine_path,
          moated_statue
D:7:      lemuel_ice_spiral_2, layout_rooms, lemuel_coloured_pillars_altar,
          zin_purify
D:8:      layout_basic
D:9:      layout_stronghold, dpeg_lair_monsters, chequers_garden
D:10:     layout_cave_pods, gammafunk_temple_overflow_forgotten,
          nemelex_xobeh_ov_fountains_minmay, uniq_nergalle, uniq_grum
D:11:     layout_loops_ring
D:12:     layout_roguey, zombieorc2_lemuel, minivault_23
D:13:     layout_basic, nrook_guardian_serpent_double
Temple:   jpeg_temple_alley_garden
Lair:1:   layout_cave_pods
Lair:2:   layout_chaotic_city
Lair:3:   layout_regular_city, spider_nest_entry_web_field,
          gauntlet_entry_generic
Gauntlet: gammafunk_gauntlet_hard_choice [gammafunk_gauntlet_arena_arrow_garden,
          gammafunk_gauntlet_arena_grid, nicolae_gauntlet_arena_quarters,
          minmay_gauntlet_arena_make_your_own_arena,
          gammafunk_gauntlet_arena_mazey, gammafunk_gauntlet_arena_open,
          gauntlet_exit_spiral]

Skill      XL: |  1  2  3  4  5  6  7  8  9 10 11 12 13 |
---------------+----------------------------------------+-----
Axes           | 2 3 4 5 6 8 9 11 12 | 12.5
Armour         | 4 5 6 7 8 9 10 11 | 11.1
Fighting       | 4 5 6 7 8 9 11 | 11.1
Shields        | 4 5 6 7 8 9 11 | 11.1

Action                   |  1- 3 |  4- 6 |  7- 9 | 10-12 | 13-15 || total
-------------------------+-------+-------+-------+-------+-------++-------
Melee: War axe           |   135 |   189 |   374 |   570 |    66 ||  1334
       Unarmed           |       |    22 |       |       |       ||    22
  Use: Scroll            |       |     5 |     6 |     5 |       ||    16
       Potion            |       |       |       |       |     2 ||     2
 Stab: Distracted        |       |       |       |     4 |       ||     4
Armor: Scale mail        |   115 |       |       |       |       ||   115
       Plate armour      |       |   191 |   348 |   405 |    33 ||   977
Dodge: Dodged            |    60 |    42 |    99 |   132 |    13 ||   346
Block: Kite shield       |   114 |   117 |   263 |   368 |    27 ||   889

Table legend: (Time is in decaauts)
 A = Elapsed time spent in this place.
 B = Non-inter-level travel time spent in this place.
 C = Inter-level travel time spent in this place.
 D = Time resting spent in this place.
 E = Time spent auto-exploring this place.
 F = Levels seen in this place.
 G = Mean time per level.
                   A        B        C        D        E       F      G
               +--------+--------+--------+--------+--------+-----+--------+
         Total |  13756 |  13188 |    568 |     33 |  10381 |  18 |  764.2 |
       Dungeon |  11920 |  11379 |    541 |     33 |   9103 |  13 |  916.9 |
        Temple |    181 |    171 |     10 |      0 |    171 |   1 |  181.0 |
          Lair |   1336 |   1320 |     16 |      0 |   1098 |   3 |  445.3 |
      Gauntlet |    317 |    317 |      0 |      0 |      9 |   1 |  317.0 |
               +--------+--------+--------+--------+--------+-----+--------+

Top non-repeatable levels by time:
     D:6: 1244 daAuts
     D:9: 1169 daAuts
     D:4: 1159 daAuts
     D:3: 1068 daAuts
     D:8: 1023 daAuts
     D:7: 1021 daAuts
    D:10: 1002 daAuts
     D:2: 972 daAuts
     D:1: 953 daAuts
    D:12: 833 daAuts
    D:11: 740 daAuts
  Lair:2: 739 daAuts
     D:5: 690 daAuts
  Lair:1: 460 daAuts
Gauntlet: 317 daAuts
